 Dungeon Crawl Stone Soup version 0.25.0-8-gfd19cd77bd (webtiles) character file.

Game seed: 15702284058963106403

1061 Descartes the Shield-Bearer (level 8, -7/64 HPs)
             Began as a Formicid Fighter on June 16, 2020.
             Was an Initiate of Cheibriados.
             Mangled by a gnoll sergeant
             ... wielding a +5 vorpal spear
              (8 damage)
             ... on level 5 of the Dungeon.
             The game lasted 00:16:16 (6297 turns).

Descartes the Shield-Bearer (Formicid Fighter)      Turns: 6297, Time: 00:16:16

Health: -7/64      AC:  9    Str: 21    XL:     8   Next: 52%
Magic:  10/10      EV:  9    Int: 12    God:    Cheibriados [......]
Gold:   298        SH: 11    Dex: 11    Spells: 7/7 levels left

rFire    . . .     SeeInvis +   a - +1 war axe
rCold    . . .     Gourm    .   c - +0 kite shield
rNeg     . . .     Faith    .   b - +0 scale mail
rPois    .         Spirit   .   (helmet unavailable)
rElec    .         Reflect  .   (no cloak)
rCorr    .         Harm     .   (no gloves)
MR       .....                  k - +0 pair of boots
Stlth    ..........             (no amulet)
HPRegen  0.20/turn              (no ring)
MPRegen  0.12/turn              (no ring)

@: mighty, very slightly contaminated, invisible, very slow
A: permanent stasis, dig shafts and tunnels, four strong arms, antennae 3
a: Dig, Shaft Self, Bend Time, Renounce Religion


You were on level 5 of the Dungeon.
You worshipped Cheibriados.
Cheibriados was noncommittal.
You were hungry.

You visited 2 branches of the dungeon, and saw 6 of its levels.

You collected 298 gold pieces.

Inventory:

Hand Weapons
 a - a +1 war axe (weapon)
 F - a +0 morningstar
Missiles
 m - 76 stones (quivered)
 n - 50 arrows
 s - 36 poisoned darts
 C - a throwing net
Armour
 b - a +0 scale mail (worn)
 c - a +0 kite shield (worn)
 k - a +0 pair of boots (worn)
 u - a +1 leather armour of fire resistance
Wands
 p - a wand of iceblast (11)
 r - a wand of flame (21)
Scrolls
 y - a scroll of magic mapping {unknown}
 B - a scroll of fog {unknown}
 E - a scroll of amnesia {unknown}
Potions
 d - a potion of might
 e - 2 potions of haste {unknown}
 h - 2 potions of curing
 i - 3 potions of stabbing
 l - a potion of mutation {unknown}
 w - a potion of invisibility
 x - 2 potions of degeneration {unknown}
 z - a potion of heal wounds {unknown}
 A - a potion of flight {unknown}
 D - 2 potions of lignification {unknown}
Comestibles
 f - 3 rations


   Skills:
 + Level 6.0 Fighting
 - Level 2.0 Axes
 * Level 6.6 Armour
 * Level 7.2 Shields
 + Level 3.5 Evocations


You had 7 spell levels left.
You didn't know any spells.
Your spell library was empty.

Dungeon Overview and Level Annotations

Branches:
Dungeon (5/15)             Temple (1/1) D:5

Altars:
Ashenzari
Cheibriados
Dithmenos
Fedhas
Hepliaklqana
Kikubaaqudgha
Nemelex Xobeh
Okawaru
Qazlal
Ru
Sif Muna
Trog
Uskayaw
Yredelemnul
Zin

Annotations:
D:5 tensugalgo's ghost, novice DsMo


Innate Abilities, Weirdness & Mutations

You cannot be hasted, slowed, berserked, paralysed or teleported.
You can dig through walls and to a lower floor.
Your four strong arms can wield two-handed weapons with a shield.
You have a pair of large antennae on your head. (SInv)


Message History

You slash tensugalgo's ghost!
Tensugalgo's ghost is heavily damaged.
You hit the gnoll sergeant.
You are no longer glowing.
The gnoll closely misses you.
The gnoll sergeant hits you but does no damage.
The gnoll closely misses you. Tensugalgo's ghost hits you.
* * * LOW HITPOINT WARNING * * *
You closely miss tensugalgo's ghost.
Tensugalgo's ghost is heavily damaged.
You catch the helpless gnoll completely off-guard!
You slash the gnoll! You barely miss the gnoll sergeant.
The gnoll hits you with a +2 vampiric halberd.
* * * LOW HITPOINT WARNING * * *
The gnoll sergeant hits you with a +5 vorpal spear.
* * * LOW HITPOINT WARNING * * *
x2 You block the gnoll's attack.
Tensugalgo's ghost hits you.
* * * LOW HITPOINT WARNING * * *
The gnoll sergeant hits you with a +5 vorpal spear!
You die...

..≈≈#g..#.###.©.###.#...#≈≈.#
..≈≈#...###.#####.###...#≈≈.#
..≈≈###...............###≈≈.#
..≈≈.8#.######'######.#8.≈≈.#####
#.≈≈.##.#.⌠.#..8#(?.#.##.≈≈......
#.≈≈.#g.'.....©⌠#:..'..#.≈≈.####.
#.≈≈.##.#.⌠.#..8#".$#.##.≈≈.## #.
#.≈≈.8#.######g######.#8.≈≈..# #.
..≈≈###......ggW@g....###≈≈..# #.
..≈≈#...###©#####g###...#≈≈..# #.
..≈≈#...#)###.©.###.#...#≈≈..# #.
..≈≈#####...........#####≈≈..# #.
#.≈≈≈≈≈≈≈≈≈≈≈≈≈≈≈≈≈≈≈≈≈≈≈≈≈..# #.
..≈≈≈≈≈≈≈≈≈≈≈≈≈≈≈≈≈≈≈≈≈≈≈≈≈..# #.
#............................# #.
.###..################.#####.# ##
#.#.#.# ### #.# #.#


You could see a gnoll sergeant, tensugalgo's ghost and 4 gnolls.

Vanquished Creatures
  A moth of wrath (D:4)
  A human (D:4)
  An ogre (D:4)
  A centaur (D:5)
  4 crimson imps
  A hound (D:4)
  A quasit (D:4)
  A gnoll shaman (D:5)
  Jessica (D:2)
  A worker ant zombie (D:5)
  A gnoll (D:5)
  8 adders
  A shadow imp (D:5)
  An ooze (D:4)
  2 worms (D:4)
  A leopard gecko (D:4)
  An orc (D:4)
  6 giant cockroaches
  8 goblins
  2 hobgoblins
  10 jackals
  6 bats
  5 frilled lizards
  4 kobolds
  A leopard gecko skeleton (D:5)
  A quokka skeleton (D:5)
  A quokka zombie (D:5)
  8 rats
80 creatures vanquished.

Vanquished Creatures (others)
  6 plants (D:5)
6 creatures vanquished.

Grand Total: 86 creatures vanquished

Notes
Turn   | Place    | Note
-------+----------+-------------------------------------------
     0 | D:1      | Descartes the Formicid Fighter began the quest for the Orb.
     0 | D:1      | Reached XP level 1. HP: 18/18 MP: 1/1
   141 | D:1      | Reached XP level 2. HP: 18/24 MP: 2/2
   697 | D:1      | Reached skill level 4 in Shields
   842 | D:2      | Reached XP level 3. HP: 27/30 MP: 3/3
   991 | D:2      | Noticed Jessica
   995 | D:2      | Killed Jessica
   995 | D:2      | Reached XP level 4. HP: 37/37 MP: 4/4
  1341 | D:2      | Found a hazy altar of Hepliaklqana.
  1410 | D:2      | Found a shadowy altar of Dithmenos.
  1410 | D:2      | Noticed a shadow
  1923 | D:3      | Reached XP level 5. HP: 36/42 MP: 5/5
  2559 | D:3      | Found a hide-covered altar of Uskayaw.
  2926 | D:4      | Found a runed translucent door.
  2926 | D:4      | Noticed a human
  2931 | D:4      | Found a basalt altar of Yredelemnul.
  2949 | D:4      | Killed a human
  2949 | D:4      | Reached skill level 5 in Shields
  2949 | D:4      | Reached skill level 1 in Evocations
  2949 | D:4      | Reached XP level 6. HP: 19/50 MP: 5/7
  3196 | D:4      | Reached skill level 5 in Fighting
  3275 | D:4      | Reached skill level 5 in Armour
  3409 | D:4      | Noticed an ogre
  3417 | D:4      | Killed an ogre
  3417 | D:4      | Reached XP level 7. HP: 4/56 MP: 8/8
  3832 | D:4      | Found a shimmering blue altar of Sif Muna.
  3913 | D:4      | Found a bloodstained altar of Trog.
  3913 | D:4      | Noticed a moth of wrath
  3953 | D:4      | Reached skill level 6 in Shields
  3961 | D:4      | HP: 2/56 [moth of wrath (2)]
  3962 | D:4      | Killed a moth of wrath
  3962 | D:4      | Reached XP level 8. HP: 2/64 MP: 8/10
  4551 | D:5      | Entered Level 5 of the Dungeon
  4708 | D:5      | Found a staircase to the Ecumenical Temple.
  4714 | Temple   | Entered the Ecumenical Temple
  4800 | Temple   | Became a worshipper of Cheibriados the Contemplative
  4844 | D:5      | Noticed tensugalgo's ghost (novice DsMo)
  4931 | D:5      | Reached skill level 7 in Shields
  5133 | D:5      | Found a transporter.
  5275 | D:5      | Found a shattered altar of Ashenzari.
  5463 | D:5      | Identified the +4 ring mail of Protective Custody {rN+
                  | rCorr Str+3 Int-5}
  5465 | D:5      | Found a transporter.
  6294 | D:5      | HP: 1/64 [gnoll/+0 spear (6)]
  6297 | D:5      | Mangled by a gnoll sergeant

Illustrated notes

Levels and vault maps discovered:
D:1:      nicolae_arrival_somewhat_less_tricky_arrival, layout_basic
D:2:      layout_basic, riverfiend_overflow_shadow_ancestor, first_ration,
          uniq_jessica
D:3:      layout_rooms, old_standard_altar, serial_park_tiny_2,
          bh_walls_and_bars
D:4:      layout_basic, tgw_trog, marbit_many_paths, dk_yredelemnul_ordeal
D:5:      layout_loops_ring, kennysheep_mini, minmay_temple_entry_glassed_door,
          gammafunk_ghost_gnarly_gnolls
Temple:   jpeg_temple_island

Skill      XL: |  1  2  3  4  5  6  7  8 |
---------------+-------------------------+-----
Shields        | 4 5 6 7 |  7.2
Fighting       | 4 5 6 |  6.0
Armour         | 4 5 6 |  6.6
Evocations     | 1 2 3 |  3.5
Axes           | |  2.0

Action                   |  1- 3 |  4- 6 |  7- 9 || total
-------------------------+-------+-------+-------++-------
Melee: War axe           |    64 |   166 |   190 ||   420
 Abil: Dig               |       |     1 |     3 ||     4
  Use: Scroll            |       |       |     8 ||     8
       Potion            |       |       |     4 ||     4
 Stab: Distracted        |       |     1 |       ||     1
       Invisible         |       |       |     1 ||     1
  Eat: Chunk             |       |     8 |     3 ||    11
       Ration            |       |       |     2 ||     2
Armor: Scale mail        |    33 |    50 |    88 ||   171
       Leather armour    |       |    16 |       ||    16
Dodge: Dodged            |    26 |    56 |    68 ||   150
Block: Kite shield       |    39 |   109 |   126 ||   274
